 Dungeon Sprint DCSS version bcrawl-1.12-11-gb93c957c58 (webtiles) character file.

Game seed: 15659661030077770023

43675 JarielCorvus the Hoplite (level 14, -5/150 HPs)
             Began as a Hill Orc Fighter on June 30, 2019.
             Was the Champion of Jiyva.
             Killed by the air
             ... invoked by a spriggan air mage
              (21 damage)
             ... in the Dungeon (Sprint IX: "|||||||||||||||||||||||||||||").
             The game lasted 00:16:29 (4879 turns).

JarielCorvus the Hoplite (Hill Orc Fighter)         Turns: 4879, Time: 00:16:30

Health: -5/150     AC: 16    Str: 19    XL:     14   Next: 25%
Magic:  14/14      EV: 24    Int: 10    God:    Jiyva [******]
Gold:   410        SH: 17    Dex: 21    Spells: 13/13 levels left

rFire    . . .     SeeInvis .   D - +5 demon trident
rCold    . . .     Gourm    .   c - +0 shield
rNeg     . . .     Faith    .   J - +0 ring mail "Alosanuz" {*Contam MR++ Str+3 Stlth+}
rPois    +         Spirit   .   (helmet restricted)
rElec    .         Reflect  .   A - +0 cloak
rCorr    +         Harm     .   B - +0 pair of gloves
MR       +++++     NoTele   +   C - +0 pair of boots
Stlth    ++++......             (no amulet)
HPRegen  0.35/turn              p - +3 ring of dexterity
MPRegen  0.14/turn              q - +2 ring of evasion

@: no status effects
A: antennae 1, fangs 1, rugged brown scales 1, yellow scales 1, blink, clever 1,
magic resistance 3, poison resistance, shaggy fur 1, acidic bite, eyeballs 1
a: Blink, Request Jelly, Slimify, Cure Bad Mutation, Renounce Religion


You were in the Dungeon.
You worshipped Jiyva.
Jiyva was exalted by your worship.
You were completely stuffed.

You visited 1 branch You collected 550 gold pieces.
You spent 140 gold pieces at shops.

Inventory:

Hand Weapons
 a - a +0 long sword
 g - a +2 great sword
 r - a +1 broad axe of chopping
 s - a +2 scimitar of holy wrath
 D - a +5 demon trident (weapon)
Missiles
 E - 136 javelins (quivered)
 F - 3 throwing nets {!f}
Armour
 b - a +0 scale mail
 c - a +0 shield (worn)
 t - a +2 ring mail
 z - a +0 helmet
 A - a +0 cloak (worn)
 B - a +0 pair of gloves (worn)
 C - a +0 pair of boots (worn)
 J - the +0 ring mail "Alosanuz" (worn) {*Contam MR++ Str+3 Stlth+}
   (You found it in the Dungeon)

   It affects your strength (+3).
   It affects your resistance to hostile enchantments.
   It causes magical contamination when unequipped.
   It makes you more stealthy.
 K - the +0 robe of the Onion {rElec}
   (You found it in the Dungeon)

   It insulates you from electricity.
Jewellery
 p - a +3 ring of dexterity (left hand)
 q - a +2 ring of evasion (right hand)
Wands
 o - a wand of acid (10)
 G - a wand of scattershot (3)
 H - a wand of digging (9)
 I - a wand of flame (10)
Scrolls
 k - 2 scrolls of blinking
 m - 3 scrolls of remove curse
 n - 2 scrolls of amnesia
 v - a scroll of fog
 w - 4 scrolls of enchant weapon
 x - 2 scrolls of identify
 y - a scroll of immolation
Potions
 d - a potion of might
 h - 3 potions of haste
 i - 4 potions of magic
 l - a potion of invisibility
 u - a potion of agility
Comestibles
 f - 11 rations {!d}


   Skills:
 + Level 19.2 Fighting
   Level 19.2 Short Blades
   Level 19.2 Long Blades
   Level 19.2 Axes
   Level 19.2 Maces & Flails
   Level 19.2 Polearms
   Level 19.2 Staves
 + Level 12.7 Armour
 + Level 13.7 Dodging
 + Level 6.7 Stealth
 + Level 22.5 Shields
   Level 19.2 Unarmed Combat


You had 13 spell levels left.
You didn't know any spells.
Your spell library was empty.

Dungeon Overview and Level Annotations

Branches:
Dungeon (1/1)

Altars:
Cheibriados
Dithmenos
Elyvilon
Fedhas
Gozag
Hepliaklqana
Kikubaaqudgha
Lugonu
Makhleb
Nemelex Xobeh
Okawaru
Qazlal
Ru
Sif Muna
Trog
Uskayaw
Vehumet
Wu Jian
Xom
Yredelemnul
Zin
The Shining One
Beogh
Jiyva

Shops:
D (!*[


Innate Abilities, Weirdness & Mutations

You have a pair of small antennae on your head.
You have very sharp teeth.
You are partially covered in rugged brown scales. (AC +1, +3% HP)
You are partially covered in yellow scales. (AC +2)
You can translocate small distances at will.
Your mind is acute. (Int +2)
You are extremely resistant to the effects of hostile enchantments. (MR+++)
Your system is resistant to poisons. (rPois)
You are covered in fur. (AC +1)
You have acidic saliva.
Your body has grown golden eyes which may confuse attackers. (Acc +3)


Message History

You feel disoriented.
The centaur warrior hits you with a cursed -3 shortbow!
* * * LOW HITPOINT WARNING * * *
Things that are here:
a +1 battleaxe of freezing; a frost giant corpse You impale the centaur warrior!!
You bite the centaur warrior.
The centaur warrior is splashed with acid.
The acid corrodes the centaur warrior!
The centaur warrior is heavily wounded.
You block the centaur warrior's attack.
You barely miss the centaur warrior.
The centaur warrior is heavily wounded.
The spriggan air mage waves its arms in wide circles.
The air twists around and strikes you!
* * * LOW HITPOINT WARNING * * *
You're too full to eat anything.
You feel better.
You block the centaur warrior's attack. x2
The spriggan air mage waves its arms in wide circles.
The air twists around and strikes you!
You die...

▓.▓.▓.▓.▓.▓.▓{▓.▓.
▓.▓.▓.▓.▓.▓.▓{▓.▓.
▓.▓.▓.▓.▓.▓{▓{▓.▓.
▓.▓.▓.▓.▓.▓.▓{▓.▓.
▓.▓.▓.▓.▓J▓.▓{▓.▓(
▓.▓.▓'▓.▓.▓{▓)▓.▓.
▓.▓.▓{▓.▓J▓{▓[▓.▓.
▓.▓.▓{▓.▓.▓.▓{▓.▓.
▓@▓.▓{▓.▓.▓.▓)▓.▓.
▓c▓.▓.▓.▓.▓.▓{▓.▓†
▓T▓.▓.▓.▓.▓)▓)▓.▓.
▓D▓.▓.▓.▓J▓)▓)▓.▓†
▓i▓.▓.▓{▓J▓)▓.▓.▓.
▓u▓.▓.▓.▓.▓.▓.▓J▓.
▓p▓.▓J▓.▓{▓.▓{▓.▓.
▓e▓.▓J▓.▓.▓.▓.▓.▓.
▓.▓.▓.▓.▓.▓.▓.▓.


You could see a brown very ugly thing, an ice dragon, a deep elf annihilator, a
centaur warrior, a spriggan air mage, a deep troll earth mage and a wizard.

Vanquished Creatures
  Saint Roka (D)
  A frost giant (D)
  Aizul (D)
  Nessos (D)
  A very ugly thing (D)
  An ettin (D)
  A fire dragon (D)
  Josephine (D)
  Harold (D)
  A ghost crab (D)
  A naga warrior (D)
  A merfolk avatar (D)
  A centaur warrior (D)
  A tengu warrior (D)
  A satyr (D)
  An ogre mage (D)
  A deep troll shaman (D)
  9 orc high priests (D)
  2 shock serpents (D)
  Urug (D)
  Sonja (D)
  A sea snake (D)
  A harpy (D)
  A mana viper (D)
  6 orc knights (D)
  An oklob plant (D)
  4 wolf spiders (D)
  3 manticores (D)
  A deep elf mage (D)
  An ugly thing (D)
  4 black mambas (D)
  Maurice (D)
  2 naga magi (D)
  Joseph (D)
  A torpor snail (D)
  3 cane toads (D)
  A demonic crawler (D)
  A komodo dragon (D)
  A troll (D)
  A jumping spider (D)
  A polar bear (D)
  A tyrant leech (D)
  A merfolk (D)
  2 bog bodies (D)
  3 blink frogs (D)
  5 hippogriffs (D)
  2 redbacks (D)
  4 wraiths (D)
  A tarantella (D)
  A fire bat (shapeshifter) (D)
  3 vampire mosquitoes (D)
  A basilisk (D)
  A warg (D)
  2 water moccasins (D)
  2 porcupines (D)
  15 orc warriors (D)
  A phantom (D)
  A bullfrog (D)
  3 crocodiles (D)
  7 orc priests (D)
  5 orc wizards (D)
  An iguana (D)
  A worker ant (D)
  A shadow imp (D)
  A leopard gecko (D)
  4 orcs (D)
  2 bat skeletons (D)
  A giant cockroach (D)
  A goblin (D)
  2 hobgoblins (D)
  A jackal (D)
  A frilled lizard (D)
  A giant cockroach zombie (D)
  A jackal skeleton (D)
  A leopard gecko skeleton (D)
146 creatures vanquished.

Vanquished Creatures (collateral kills)
  A sphinx (D)
  An orc knight (D)
  A troll (D)
3 creatures vanquished.

Vanquished Creatures (others)
  3 great orbs of eyes (D)
  A hydra (D)
  An alligator (D)
  A swamp dragon (D)
  A cane toad (D)
  3 slime creatures (D)
  A shadow (D)
  A basilisk (shapeshifter) (D)
  A floating eye (shapeshifter) (D)
  22 jellies (D)
  An orc (D)
36 creatures vanquished.

Grand Total: 185 creatures vanquished

Notes
Turn   | Place    | Note
-------+----------+-------------------------------------------
     0 | D        | JarielCorvus the Hill Orc Fighter began the quest for the
                  | Orb.
     0 | D        | Reached XP level 1. HP: 20/20 MP: 1/1
    32 | D        | Reached skill level 5 in Fighting
    32 | D        | Reached XP level 2. HP: 22/29 MP: 2/2
    39 | D        | Reached skill level 1 in Dodging
   177 | D        | Found a roughly hewn altar of Beogh.
   177 | D        | Found a snail-covered altar of Cheibriados.
   177 | D        | Found a shadowy altar of Dithmenos.
   177 | D        | Found a white marble altar of Elyvilon.
   177 | D        | Found a blossoming altar of Fedhas.
   177 | D        | Found an opulent altar of Gozag.
   178 | D        | Found a hazy altar of Hepliaklqana.
   179 | D        | Found a viscous altar of Jiyva.
   180 | D        | Found an ancient bone altar of Kikubaaqudgha.
   181 | D        | Found a corrupted altar of Lugonu.
   182 | D        | Found a burning altar of Makhleb.
   183 | D        | Found a sparkling altar of Nemelex Xobeh.
   184 | D        | Found an iron altar of Okawaru.
   185 | D        | Found a stormy altar of Qazlal.
   186 | D        | Found a sacrificial altar of Ru.
   187 | D        | Became a worshipper of Jiyva Juvuonuj the Shapeless
   188 | D        | Found a deep blue altar of Sif Muna.
   188 | D        | Killed a slime creature
   189 | D        | Found a bloodstained altar of Trog.
   189 | D        | Killed a basilisk
   189 | D        | Killed a great orb of eyes
   190 | D        | Found a hide-covered altar of Uskayaw.
   190 | D        | Killed a slime creature
   191 | D        | Found a radiant altar of Vehumet.
   192 | D        | Found an ornate altar of the Wu Jian Council.
   193 | D        | Found a shimmering altar of Xom.
   193 | D        | Killed a slime creature
   193 | D        | Killed a great orb of eyes
   194 | D        | Found a basalt altar of Yredelemnul.
   194 | D        | Killed a great orb of eyes
   195 | D        | Found a glowing silver altar of Zin.
   196 | D        | Found a glowing golden altar of the Shining One.
   202 | D        | Reached * piety under Jiyva
   204 | D        | Reached ** piety under Jiyva
   208 | D        | Reached *** piety under Jiyva
   209 | D        | Gained mutation: You are agile. (Dex +2) [Jiyva's grace]
   209 | D        | Reached **** piety under Jiyva
   212 | D        | Gained mutation: You have a small jelly attached to you
                  | that may absorb incoming projectiles. [Jiyva's grace]
   213 | D        | Reached ***** piety under Jiyva
   213 | D        | Gained mutation: You have acidic saliva. [Jiyva's grace]
   213 | D        | Gained mutation: You are robust. (+10% HP) [Jiyva's grace]
   214 | D        | Gained mutation: Your muscles are strong. (Str +2) [Jiyva's
                  | grace]
   214 | D        | Gained mutation: Your muscles are very strong. (Str +4)
                  | [Jiyva's grace]
   214 | D        | Reached ****** piety under Jiyva
   219 | D        | Gained mutation: You are covered in fur. (AC +1) [Jiyva's
                  | grace]
   221 | D        | Gained mutation: Your movements are slightly less
                  | encumbered by armour. (ER -2) [Jiyva's grace]
   257 | D        | Noticed a crocodile
   257 | D        | Noticed a troll
   262 | D        | Killed a crocodile
   262 | D        | Reached skill level 4 in Shields
   262 | D        | Reached XP level 3. HP: 24/42 MP: 3/3
   262 | D        | Reached XP level 4. HP: 29/51 MP: 4/4
   266 | D        | Reached skill level 5 in Armour
   266 | D        | Reached skill level 5 in Shields
   267 | D        | Killed a troll
   267 | D        | Reached skill level 6 in Shields
   267 | D        | Reached XP level 5. HP: 34/61 MP: 5/5
   267 | D        | Reached XP level 6. HP: 38/68 MP: 6/6
   409 | D        | Noticed an ogre mage
   409 | D        | Noticed a shadow
   409 | D        | Noticed a centaur warrior
   418 | D        | Killed an ogre mage
   418 | D        | Reached skill level 1 in Stealth
   418 | D        | Reached skill level 8 in Shields
   418 | D        | Reached XP level 7. HP: 72/81 MP: 7/7
   419 | D        | Killed a shadow
   419 | D        | Reached skill level 9 in Shields
   419 | D        | Reached XP level 8. HP: 81/90 MP: 8/8
   434 | D        | Killed a centaur warrior
   434 | D        | Reached skill level 10 in Shields
   440 | D        | Reached XP level 9. HP: 39/100 MP: 9/9
   594 | D        | Gained mutation: You have sharp toenails. [Jiyva's grace]
   595 | D        | Lost mutation: You are agile. (Dex +2) [Jiyva's grace]
   595 | D        | Lost mutation: Your muscles are very strong. (Str +4)
                  | [Jiyva's grace]
   595 | D        | Lost mutation: Your muscles are strong. (Str +2) [Jiyva's
                  | grace]
   602 | D        | Lost mutation: You have a small jelly attached to you that
                  | may absorb incoming projectiles. [Jiyva's grace]
   602 | D        | Lost mutation: You have acidic saliva. [Jiyva's grace]
   602 | D        | Lost mutation: You are robust. (+10% HP) [Jiyva's grace]
   619 | D        | Gained mutation: Your mind is acute. (Int +2) [Jiyva's
                  | grace]
   629 | D        | Lost mutation: You have sharp toenails. [Jiyva's grace]
   635 | D        | Gained mutation: Your spells are a little harder to cast,
                  | but a little more powerful. [Jiyva's grace]
  1011 | D        | Noticed a komodo dragon
  1019 | D        | Killed a komodo dragon
  1019 | D        | Reached skill level 5 in Dodging
  1036 | D        | Reached skill level 10 in Armour
  1045 | D        | Reached skill level 11 in Shields
  1184 | D        | Lost mutation: Your mind is acute. (Int +2) [Jiyva's grace]
  1188 | D        | Gained mutation: You have a small jelly attached to you
                  | that senses nearby items. [Jiyva's grace]
  1199 | D        | Gained mutation: Your rubbery body absorbs attacks. (AC +1,
                  | EV +1) [Jiyva's grace]
  1200 | D        | Noticed a polar bear
  1200 | D        | Noticed a black mamba
  1200 | D        | Noticed an oklob plant
  1204 | D        | Noticed a torpor snail
  1204 | D        | Gained mutation: You are somewhat resistant to further
                  | mutation. [Jiyva's grace]
  1207 | D        | Gained mutation: Your translucent skin slightly reduces
                  | your foes' accuracy. (Stealth) [Jiyva's grace]
  1212 | D        | Gained mutation: Your body has grown golden eyes which may
                  | confuse attackers. (Acc +3) [Jiyva's grace]
  1216 | D        | Gained mutation: Your body sometimes deteriorates upon
                  | taking damage. [Jiyva's grace]
  1222 | D        | Lost mutation: Your body sometimes deteriorates upon taking
                  | damage. [Jiyva's grace]
  1224 | D        | Killed a polar bear
  1224 | D        | Reached XP level 10. HP: 101/101 MP: 10/10
  1227 | D        | Gained mutation: Armour fits poorly on your strangely
                  | shaped body. [Jiyva's grace]
  1234 | D        | Killed a black mamba
  1234 | D        | Reached skill level 12 in Shields
  1247 | D        | Gained mutation: You have acidic saliva. [Jiyva's grace]
  1247 | D        | Gained mutation: You have a small jelly attached to you
                  | that may absorb incoming projectiles. [Jiyva's grace]
  1248 | D        | Lost mutation: You are somewhat resistant to further
                  | mutation. [Jiyva's grace]
  1252 | D        | Killed an oklob plant
  1268 | D        | Killed a torpor snail
  1280 | D        | Reached skill level 13 in Shields
  1293 | D        | Gained mutation: Armour fits poorly on your pseudopods.
                  | [Jiyva's grace]
  1489 | D        | Noticed a cane toad
  1489 | D        | Noticed a cane toad
  1503 | D        | Killed a cane toad
  1507 | D        | Killed a cane toad
  1628 | D        | Lost mutation: Armour fits poorly on your strangely shaped
                  | body. [Jiyva's grace]
  1628 | D        | Gained mutation: Armour fits poorly on your large
                  | pseudopods. [Jiyva's grace]
  1628 | D        | Lost mutation: Your movements are slightly less encumbered
                  | by armour. (ER -2) [Jiyva's grace]
  1628 | D        | Gained mutation: You are agile. (Dex +2) [Jiyva's grace]
  1793 | D        | Noticed Urug
  1814 | D        | Killed Urug
  1814 | D        | Reached skill level 14 in Shields
  1814 | D        | Reached XP level 11. HP: 81/111 MP: 11/11
  1922 | D        | Gained mutation: You are frail. (-10% HP) [Jiyva's grace]
  1925 | D        | Gained mutation: You evolve. [Jiyva's grace]
  1926 | D        | Lost mutation: Your rubbery body absorbs attacks. (AC +1,
                  | EV +1) [Jiyva's grace]
  1931 | D        | Lost mutation: You are frail. (-10% HP) [Jiyva's grace]
  1945 | D        | Lost mutation: Your translucent skin slightly reduces your
                  | foes' accuracy. (Stealth) [Jiyva's grace]
  1946 | D        | Lost mutation: Your spells are a little harder to cast, but
                  | a little more powerful. [Jiyva's grace]
  1949 | D        | Gained mutation: You have a pair of small antennae on your
                  | head. [Jiyva's grace]
  1949 | D        | Gained mutation: Your body sometimes deteriorates upon
                  | taking damage. [Jiyva's grace]
  1954 | D        | Lost mutation: You are agile. (Dex +2) [Jiyva's grace]
  1954 | D        | Lost mutation: You have a small jelly attached to you that
                  | may absorb incoming projectiles. [Jiyva's grace]
  1960 | D        | Gained mutation: You have a small jelly attached to you
                  | that may absorb incoming projectiles. [Jiyva's grace]
  1964 | D        | Gained mutation: Your translucent skin slightly reduces
                  | your foes' accuracy. (Stealth) [Jiyva's grace]
  1970 | D        | Gained mutation: Your translucent skin reduces your foes'
                  | accuracy. (Stealth) [Jiyva's grace]
  1976 | D        | Lost mutation: Armour fits poorly on your large pseudopods.
                  | [Jiyva's grace]
  1977 | D        | Gained mutation: You are resistant to hostile enchantments.
                  | (MR+) [Jiyva's grace]
  2001 | D        | Gained mutation: You can translocate small distances at
                  | will. [evolution]
  2171 | D        | Noticed an orc high priest
  2171 | D        | Noticed an orc knight
  2177 | D        | Killed an orc high priest
  2190 | D        | Killed an orc knight
  2190 | D        | Reached skill level 15 in Shields
  2220 | D        | HP: 3/111 [orc priest/divine providence (13)]
  2246 | D        | Lost mutation: Your body has grown golden eyes which may
                  | confuse attackers. (Acc +3) [Jiyva's grace]
  2247 | D        | Gained mutation: Your rubbery body absorbs attacks. (AC +1,
                  | EV +1) [Jiyva's grace]
  2248 | D        | Gained mutation: You are robust. (+10% HP) [Jiyva's grace]
  2251 | D        | Lost mutation: You have a small jelly attached to you that
                  | may absorb incoming projectiles. [Jiyva's grace]
  2257 | D        | Lost mutation: You have acidic saliva. [Jiyva's grace]
  2262 | D        | Lost mutation: Your body sometimes deteriorates upon taking
                  | damage. [Jiyva's grace]
  2263 | D        | Gained mutation: You possess an exceptional clarity of
                  | mind. [Jiyva's grace]
  2269 | D        | Gained mutation: You are partially covered in icy blue
                  | scales. (AC +2) [Jiyva's grace]
  2272 | D        | Lost mutation: Your translucent skin reduces your foes'
                  | accuracy. (Stealth) [Jiyva's grace]
  2273 | D        | Gained mutation: You are agile. (Dex +2) [Jiyva's grace]
  2277 | D        | Lost mutation: You have a small jelly attached to you that
                  | senses nearby items. [Jiyva's grace]
  2282 | D        | Gained mutation: Your movements are slightly less
                  | encumbered by armour. (ER -2) [Jiyva's grace]
  2282 | D        | Lost mutation: You are resistant to hostile enchantments.
                  | (MR+) [Jiyva's grace]
  2285 | D        | Lost mutation: Your rubbery body absorbs attacks. (AC +1,
                  | EV +1) [Jiyva's grace]
  2287 | D        | Gained mutation: You have acidic saliva. [Jiyva's grace]
  2291 | D        | Lost mutation: Your translucent skin slightly reduces your
                  | foes' accuracy. (Stealth) [Jiyva's grace]
  2299 | D        | Gained mutation: Your rubbery body absorbs attacks. (AC +1,
                  | EV +1) [Jiyva's grace]
  2299 | D        | Gained mutation: You have very sharp teeth. [Jiyva's grace]
  2302 | D        | Gained mutation: Your system is resistant to poisons.
                  | (rPois) [Jiyva's grace]
  2303 | D        | Lost mutation: You possess an exceptional clarity of mind.
                  | [Jiyva's grace]
  2306 | D        | Lost mutation: You can translocate small distances at will.
                  | [Jiyva's grace]
  2307 | D        | Lost mutation: Your rubbery body absorbs attacks. (AC +1,
                  | EV +1) [Jiyva's grace]
  2385 | D        | Lost mutation: You are robust. (+10% HP) [Jiyva's grace]
  2386 | D        | Gained mutation: Your muscles are strong. (Str +2) [Jiyva's
                  | grace]
  2387 | D        | Gained mutation: Your translucent skin slightly reduces
                  | your foes' accuracy. (Stealth) [Jiyva's grace]
  2387 | D        | Gained mutation: Your rubbery body absorbs attacks. (AC +1,
                  | EV +1) [Jiyva's grace]
  2387 | D        | Lost mutation: Your translucent skin slightly reduces your
                  | foes' accuracy. (Stealth) [Jiyva's grace]
  2389 | D        | Found Gaonyd's Weapon Emporium.
  2389 | D        | Noticed an orc knight
  2389 | D        | Noticed an orc high priest
  2389 | D        | Noticed an orc high priest
  2389 | D        | Noticed an orc high priest
  2389 | D        | Noticed an orc high priest
  2391 | D        | Gained mutation: You have a small jelly attached to you
                  | that may absorb incoming projectiles. [Jiyva's grace]
  2391 | D        | Noticed an orc knight
  2394 | D        | Gained mutation: Your mind is acute. (Int +2) [Jiyva's
                  | grace]
  2394 | D        | Gained mutation: You rapidly evolve. [Jiyva's grace]
  2398 | D        | Lost mutation: Your muscles are strong. (Str +2) [Jiyva's
                  | grace]
  2399 | D        | Lost mutation: You have a pair of small antennae on your
                  | head. [Jiyva's grace]
  2408 | D        | Killed an orc knight
  2408 | D        | Reached skill level 15 in Fighting
  2408 | D        | Gained mutation: You can translocate small distances at
                  | will. [Jiyva's grace]
  2414 | D        | Lost mutation: Armour fits poorly on your pseudopods.
                  | [Jiyva's grace]
  2420 | D        | Killed an orc high priest
  2421 | D        | Noticed an orc knight
  2421 | D        | Lost mutation: You have a small jelly attached to you that
                  | may absorb incoming projectiles. [Jiyva's grace]
  2424 | D        | Killed an orc high priest
  2424 | D        | Reached skill level 16 in Shields
  2425 | D        | Noticed an orc knight
  2429 | D        | Killed an orc high priest
  2429 | D        | Reached skill level 10 in Dodging
  2430 | D        | Found Vueq Rukk's Distillery.
  2434 | D        | Lost mutation: You are agile. (Dex +2) [Jiyva's grace]
  2436 | D        | Noticed an orc high priest
  2436 | D        | Gained mutation: Your spells are a little harder to cast,
                  | but a little more powerful. [Jiyva's grace]
  2441 | D        | Gained mutation: You are agile. (Dex +2) [Jiyva's grace]
  2441 | D        | Gained mutation: You occasionally shout uncontrollably at
                  | your foes. [Jiyva's grace]
  2441 | D        | Lost mutation: Your system is resistant to poisons. (rPois)
                  | [Jiyva's grace]
  2442 | D        | Lost mutation: Your spells are a little harder to cast, but
                  | a little more powerful. [Jiyva's grace]
  2442 | D        | Gained mutation: You possess an exceptional clarity of
                  | mind. [Jiyva's grace]
  2442 | D        | Gained mutation: You have a somewhat thin skeletal
                  | structure. (Dex +2, Stealth) [Jiyva's grace]
  2442 | D        | Lost mutation: You have a somewhat thin skeletal structure.
                  | (Dex +2, Stealth) [Jiyva's grace]
  2443 | D        | Killed an orc high priest
  2443 | D        | Gained mutation: Your body has grown golden eyes which may
                  | confuse attackers. (Acc +3) [Jiyva's grace]
  2445 | D        | Lost mutation: You are agile. (Dex +2) [Jiyva's grace]
  2447 | D        | Lost mutation: Your mind is acute. (Int +2) [Jiyva's grace]
  2449 | D        | Gained mutation: Your translucent skin slightly reduces
                  | your foes' accuracy. (Stealth) [Jiyva's grace]
  2449 | D        | Lost mutation: Your body has grown golden eyes which may
                  | confuse attackers. (Acc +3) [Jiyva's grace]
  2450 | D        | Gained mutation: You have a small jelly attached to you
                  | that senses nearby items. [Jiyva's grace]
  2450 | D        | Gained mutation: You have supernaturally acute eyesight.
                  | (SInv) [Jiyva's grace]
  2450 | D        | Lost mutation: You have acidic saliva. [Jiyva's grace]
  2450 | D        | Lost mutation: You have a small jelly attached to you that
                  | senses nearby items. [Jiyva's grace]
  2453 | D        | Gained mutation: You have a small jelly attached to you
                  | that senses nearby items. [Jiyva's grace]
  2453 | D        | Lost mutation: You occasionally shout uncontrollably at
                  | your foes. [Jiyva's grace]
  2455 | D        | Gained mutation: Armour fits poorly on your strangely
                  | shaped body. [Jiyva's grace]
  2456 | D        | Killed an orc knight
  2457 | D        | Gained mutation: You are covered in slimy tendrils that may
                  | disarm your opponents. [Jiyva's grace]
  2457 | D        | Gained mutation: You are agile. (Dex +2) [Jiyva's grace]
  2458 | D        | Gained mutation: You are resistant to electric shocks.
                  | (rElec) [Jiyva's grace]
  2458 | D        | Gained mutation: Armour fits poorly on your pseudopods.
                  | [Jiyva's grace]
  2468 | D        | Killed an orc knight
  2485 | D        | Noticed a sixfirhy
  2487 | D        | Killed an orc knight
  2487 | D        | Reached XP level 12. HP: 60/122 MP: 12/12
  2493 | D        | Killed an orc high priest
  2493 | D        | Reached skill level 17 in Shields
  2494 | D        | Found Vouv's Assorted Antiques.
  2495 | D        | Gained mutation: You have a pair of small antennae on your
                  | head. [Jiyva's grace]
  2495 | D        | Lost mutation: Armour fits poorly on your strangely shaped
                  | body. [Jiyva's grace]
  2495 | D        | Lost mutation: Armour fits poorly on your pseudopods.
                  | [Jiyva's grace]
  2497 | D        | Found Uzehul's Antique Armour Shoppe.
  2497 | D        | Gained mutation: Your translucent skin reduces your foes'
                  | accuracy. (Stealth) [Jiyva's grace]
  2497 | D        | Lost mutation: You are partially covered in icy blue
                  | scales. (AC +2) [Jiyva's grace]
  2497 | D        | Lost mutation: You are agile. (Dex +2) [Jiyva's grace]
  2497 | D        | Lost mutation: You are covered in fur. (AC +1) [Jiyva's
                  | grace]
  2497 | D        | Lost mutation: You possess an exceptional clarity of mind.
                  | [Jiyva's grace]
  2499 | D        | Noticed an orc high priest
  2501 | D        | Bought a potion of heal wounds for 70 gold pieces
  2501 | D        | Bought a potion of berserk rage for 70 gold pieces
  2501 | D        | Noticed an orc high priest
  2502 | D        | Noticed an orc high priest
  2511 | D        | Lost mutation: Your translucent skin reduces your foes'
                  | accuracy. (Stealth) [Jiyva's grace]
  2512 | D        | Killed an orc high priest
  2528 | D        | Killed an orc high priest
  2528 | D        | Gained mutation: Your spells are a little harder to cast,
                  | but a little more powerful. [Jiyva's grace]
  2531 | D        | Gained mutation: You have a pair of antennae on your head.
                  | [Jiyva's grace]
  2531 | D        | Lost mutation: You are resistant to electric shocks.
                  | (rElec) [Jiyva's grace]
  2540 | D        | Killed an orc high priest
  2542 | D        | Lost mutation: You rapidly evolve. [Jiyva's grace]
  2543 | D        | Lost mutation: You have a pair of antennae on your head.
                  | [Jiyva's grace]
  2544 | D        | Gained mutation: Your translucent skin reduces your foes'
                  | accuracy. (Stealth) [Jiyva's grace]
  2544 | D        | Gained mutation: You have a small jelly attached to you
                  | that may absorb incoming projectiles. [Jiyva's grace]
  2566 | D        | Noticed Harold
  2584 | D        | Killed Harold
  2605 | D        | Noticed Maurice
  2618 | D        | Killed Maurice
  2618 | D        | Reached skill level 18 in Shields
  2623 | D        | Gained mutation: You have acidic saliva. [Jiyva's grace]
  2624 | D        | Gained mutation: You are partially covered in large bone
                  | plates. (SH +4) [Jiyva's grace]
  2628 | D        | Gained mutation: Your transparent skin significantly
                  | reduces your foes' accuracy. (Stealth) [Jiyva's grace]
  2629 | D        | Lost mutation: You can translocate small distances at will.
                  | [Jiyva's grace]
  2630 | D        | Noticed Joseph
  2630 | D        | Lost mutation: You have supernaturally acute eyesight.
                  | (SInv) [Jiyva's grace]
  2631 | D        | Lost mutation: Your spells are a little harder to cast, but
                  | a little more powerful. [Jiyva's grace]
  2634 | D        | Noticed Josephine
  2635 | D        | Gained mutation: You are robust. (+10% HP) [Jiyva's grace]
  2637 | D        | Lost mutation: Your transparent skin significantly reduces
                  | your foes' accuracy. (Stealth) [Jiyva's grace]
  2641 | D        | Killed Joseph
  2646 | D        | Lost mutation: You have a small jelly attached to you that
                  | may absorb incoming projectiles. [Jiyva's grace]
  2650 | D        | Lost mutation: Your rubbery body absorbs attacks. (AC +1,
                  | EV +1) [Jiyva's grace]
  2654 | D        | Lost mutation: You are covered in slimy tendrils that may
                  | disarm your opponents. [Jiyva's grace]
  2654 | D        | Gained mutation: Your muscles are strong. (Str +2) [Jiyva's
                  | grace]
  2661 | D        | Killed Josephine
  2679 | D        | Noticed Sonja
  2688 | D        | Gained mutation: You are resistant to hostile enchantments.
                  | (MR+) [Jiyva's grace]
  2688 | D        | Lost mutation: You are partially covered in large bone
                  | plates. (SH +4) [Jiyva's grace]
  2718 | D        | Killed Sonja
  2718 | D        | Reached skill level 5 in Stealth
  2827 | D        | Lost mutation: You are resistant to hostile enchantments.
                  | (MR+) [Jiyva's grace]
  2831 | D        | Gained mutation: Your mind is acute. (Int +2) [Jiyva's
                  | grace]
  2833 | D        | Gained mutation: Your spells are a little harder to cast,
                  | but a little more powerful. [Jiyva's grace]
  2836 | D        | Gained mutation: Your mind is very acute. (Int +4) [Jiyva's
                  | grace]
  2840 | D        | Got the +0 ring mail "Alosanuz" {*Contam MR++ Str+3 Stlth+}
  2844 | D        | Got the +0 robe of the Onion {rElec}
  2844 | D        | Lost mutation: Your translucent skin reduces your foes'
                  | accuracy. (Stealth) [Jiyva's grace]
  2845 | D        | Gained mutation: Your muscles are very strong. (Str +4)
                  | [Jiyva's grace]
  2845 | D        | Lost mutation: Your mind is very acute. (Int +4) [Jiyva's
                  | grace]
  2847 | D        | Gained mutation: You are resistant to hostile enchantments.
                  | (MR+) [Jiyva's grace]
  2866 | D        | Noticed a tengu warrior
  2886 | D        | Killed a tengu warrior
  2906 | D        | Reached skill level 19 in Shields
  2910 | D        | Noticed a fire dragon
  2916 | D        | Noticed a deep troll shaman
  2923 | D        | Noticed an ettin
  2928 | D        | Killed a fire dragon
  2931 | D        | Killed a deep troll shaman
  2931 | D        | Reached XP level 13. HP: 81/145 MP: 13/13
  2936 | D        | Killed an ettin
  2977 | D        | Gained mutation: You are covered in fur. (AC +1) [Jiyva's
                  | grace]
  2979 | D        | Lost mutation: You have acidic saliva. [Jiyva's grace]
  2984 | D        | Lost mutation: Your translucent skin slightly reduces your
                  | foes' accuracy. (Stealth) [Jiyva's grace]
  2989 | D        | Gained mutation: You have a pair of antennae on your head.
                  | [Jiyva's grace]
  2992 | D        | Lost mutation: Your spells are a little harder to cast, but
                  | a little more powerful. [Jiyva's grace]
  2995 | D        | Gained mutation: You are very robust. (+20% HP) [Jiyva's
                  | grace]
  3000 | D        | Gained mutation: Your flesh is heat resistant. (rF+)
                  | [Jiyva's grace]
  3068 | D        | Noticed Nessos
  3068 | D        | Gained mutation: You are covered in slimy tendrils that may
                  | disarm your opponents. [Jiyva's grace]
  3068 | D        | Gained mutation: Your rubbery body absorbs attacks. (AC +1,
                  | EV +1) [Jiyva's grace]
  3068 | D        | Lost mutation: Your muscles are very strong. (Str +4)
                  | [Jiyva's grace]
  3071 | D        | Gained mutation: You have acidic saliva. [Jiyva's grace]
  3073 | D        | Lost mutation: Your flesh is heat resistant. (rF+) [Jiyva's
                  | grace]
  3073 | D        | Gained mutation: You are extremely robust. (+30% HP)
                  | [Jiyva's grace]
  3075 | D        | Gained mutation: You have a pair of large antennae on your
                  | head. (SInv) [Jiyva's grace]
  3075 | D        | Gained mutation: Your mind is very acute. (Int +4) [Jiyva's
                  | grace]
  3109 | D        | HP: 5/171 [Nessos/arrow (4)]
  3129 | D        | Killed Nessos
  3648 | D        | Reached skill level 20 in Shields
  3781 | D        | Lost mutation: You have a pair of large antennae on your
                  | head. (SInv) [Jiyva's grace]
  3795 | D        | Lost mutation: Your muscles are strong. (Str +2) [Jiyva's
                  | grace]
  3799 | D        | Gained mutation: You are partially covered in yellow
                  | scales. (AC +2) [Jiyva's grace]
  3799 | D        | Lost mutation: You have a small jelly attached to you that
                  | senses nearby items. [Jiyva's grace]
  3799 | D        | Lost mutation: Your rubbery body absorbs attacks. (AC +1,
                  | EV +1) [Jiyva's grace]
  3799 | D        | Gained mutation: Your body has grown golden eyes which may
                  | confuse attackers. (Acc +3) [Jiyva's grace]
  4039 | D        | Lost mutation: Your body has grown golden eyes which may
                  | confuse attackers. (Acc +3) [Jiyva's grace]
  4044 | D        | Lost mutation: You are covered in slimy tendrils that may
                  | disarm your opponents. [Jiyva's grace]
  4046 | D        | Lost mutation: Your movements are slightly less encumbered
                  | by armour. (ER -2) [Jiyva's grace]
  4046 | D        | Gained mutation: Your spells are a little harder to cast,
                  | but a little more powerful. [Jiyva's grace]
  4046 | D        | Gained mutation: You are covered in slimy tendrils that may
                  | disarm your opponents. [Jiyva's grace]
  4050 | D        | Lost mutation: You are partially covered in yellow scales.
                  | (AC +2) [Jiyva's grace]
  4054 | D        | Gained mutation: You can translocate small distances at
                  | will. [Jiyva's grace]
  4054 | D        | Gained mutation: You have a pair of large antennae on your
                  | head. (SInv) [Jiyva's grace]
  4057 | D        | Lost mutation: You are extremely robust. (+30% HP) [Jiyva's
                  | grace]
  4060 | D        | Gained mutation: Your natural rate of healing is unusually
                  | fast. [Jiyva's grace]
  4069 | D        | Lost mutation: Your spells are a little harder to cast, but
                  | a little more powerful. [Jiyva's grace]
  4072 | D        | Reached skill level 21 in Shields
  4074 | D        | Gained mutation: You are highly resistant to hostile
                  | enchantments. (MR++) [Jiyva's grace]
  4112 | D        | Lost mutation: You are very robust. (+20% HP) [Jiyva's
                  | grace]
  4115 | D        | Gained mutation: You are agile. (Dex +2) [Jiyva's grace]
  4117 | D        | Lost mutation: Your mind is very acute. (Int +4) [Jiyva's
                  | grace]
  4118 | D        | Lost mutation: You have a pair of large antennae on your
                  | head. (SInv) [Jiyva's grace]
  4119 | D        | Lost mutation: You are agile. (Dex +2) [Jiyva's grace]
  4119 | D        | Lost mutation: You have a pair of antennae on your head.
                  | [Jiyva's grace]
  4120 | D        | Lost mutation: You have acidic saliva. [Jiyva's grace]
  4514 | D        | Noticed Aizul
  4542 | D        | Killed Aizul
  4599 | D        | Gained mutation: Your body has grown golden eyes which may
                  | confuse attackers. (Acc +3) [Jiyva's grace]
  4681 | D        | Noticed Saint Roka
  4682 | D        | Lost mutation: You have a pair of small antennae on your
                  | head. [Jiyva's grace]
  4688 | D        | Lost mutation: Your body has grown golden eyes which may
                  | confuse attackers. (Acc +3) [Jiyva's grace]
  4693 | D        | Gained mutation: Your system is resistant to poisons.
                  | (rPois) [Jiyva's grace]
  4706 | D        | Killed Saint Roka
  4706 | D        | Reached skill level 22 in Shields
  4706 | D        | Reached XP level 14. HP: 70/158 MP: 14/14
  4748 | D        | Gained mutation: Your body has grown golden eyes which may
                  | confuse attackers. (Acc +3) [Jiyva's grace]
  4749 | D        | Gained mutation: You are partially covered in rugged brown
                  | scales. (AC +1, +3% HP) [Jiyva's grace]
  4749 | D        | Lost mutation: You are robust. (+10% HP) [Jiyva's grace]
  4752 | D        | Gained mutation: You are extremely resistant to the effects
                  | of hostile enchantments. (MR+++) [Jiyva's grace]
  4754 | D        | Gained mutation: You have a small jelly attached to you
                  | that senses nearby items. [Jiyva's grace]
  4756 | D        | Lost mutation: Your natural rate of healing is unusually
                  | fast. [Jiyva's grace]
  4760 | D        | Gained mutation: You have large cloven feet. [Jiyva's
                  | grace]
  4763 | D        | Lost mutation: You have a small jelly attached to you that
                  | senses nearby items. [Jiyva's grace]
  4767 | D        | Lost mutation: You are covered in slimy tendrils that may
                  | disarm your opponents. [Jiyva's grace]
  4770 | D        | Gained mutation: You have acidic saliva. [Jiyva's grace]
  4772 | D        | Gained mutation: You are partially covered in yellow
                  | scales. (AC +2) [Jiyva's grace]
  4777 | D        | Lost mutation: You have large cloven feet. [Jiyva's grace]
  4779 | D        | Gained mutation: You have a pair of small antennae on your
                  | head. [Jiyva's grace]
  4781 | D        | Lost mutation: You evolve. [Jiyva's grace]
  4849 | D        | Noticed a frost giant
  4849 | D        | Noticed a white very ugly thing
  4849 | D        | Noticed a sphinx
  4856 | D        | Killed a frost giant
  4857 | D        | Noticed a deep elf annihilator
  4866 | D        | Killed a white very ugly thing
  4866 | D        | Noticed a brown very ugly thing
  4872 | D        | Killed a sphinx
  4878 | D        | HP: 7/150 [spriggan air mage/the air (13)]
  4879 | D        | Killed from afar by a spriggan air mage

Skill      XL: |  1  2  3  4  5  6  7  8  9 10 11 12 13 14 |
---------------+-------------------------------------------+-----
Fighting       | 5 7 8 11 12 13 14 15 17 18 19 | 19.2
Dodging        | 1 2 3 4 6 8 10 11 13 | 13.7
Armour         | 4 6 8 9 10 11 12 | 12.7
Shields        | 4 6 8 9 10 11 14 16 19 22 | 22.5
Stealth        | 1 2 4 5 6 |  6.7
Short Blades   | | 19.2
Long Blades    | | 19.2
Axes           | | 19.2
Maces & Flails | | 19.2
Polearms       | | 19.2
Staves         | | 19.2
Unarmed Combat | | 19.2

Action                   |  1- 3 |  4- 6 |  7- 9 | 10-12 | 13-15 || total
-------------------------+-------+-------+-------+-------+-------++-------
Melee: Long sword        |    30 |       |       |       |       ||    30
       Scimitar          |     5 |    12 |    81 |   125 |       ||   223
       Bite              |     1 |     1 |     5 |    67 |    51 ||   125
       Pseudopods        |       |       |       |    65 |       ||    65
       Demon trident     |       |       |       |   335 |   277 ||   612
  Use: Potion            |       |       |     3 |     5 |     9 ||    17
 Stab: Confused          |       |       |     1 |     1 |       ||     2
       Sleeping          |       |       |       |     1 |     2 ||     3
       Distracted        |       |       |       |       |     3 ||     3
Armor: Scale mail        |     8 |       |       |       |       ||     8
       Ring mail         |       |     1 |    10 |    26 |    35 ||    72
Dodge: Dodged            |     4 |     1 |    33 |   130 |   111 ||   279
Block: Shield            |    15 |     4 |    65 |   213 |   140 ||   437
